 Dungeon Crawl Stone Soup version 0.30-a0-760-g5a9884bb7c (webtiles) character file.

Game seed: 10960204581238064620

1023 dialectric the Slasher (level 8, -1/51 HPs)
             Began as a Gargoyle Fighter on Feb 11, 2023.
             Was a Priest of Elyvilon.
             Slain by Edmund
             ... wielding a +1 dire flail of holy wrath
              (8 damage)
             ... on level 6 of the Dungeon.
             The game lasted 00:06:45 (5119 turns).

dialectric the Slasher (Gargoyle Fighter)           Turns: 5119, Time: 00:06:46

Health: -1/51      AC: 15    Str: 25    XL:     8   Next: 22%
Magic:  8/8        EV: 11    Int: 10    God:    Elyvilon [***...]
Gold:   304        SH:  0    Dex:  9    Spells: 7/7 levels left

rFire   . . .      SeeInvis .    a - +0 long sword
rCold   x . .      Faith    +    (no shield)
rNeg    + . .      Spirit   .    d - +0 swamp dragon scales
rPois   ∞          Reflect  .    (no helmet)
rElec   +          Harm     .    i - +0 cloak
rCorr   .          Rampage  .    (no gloves)
Will    .....                    (no boots)
Stlth   +                        f - amulet of faith
HPRegen 0.28/turn                o - +6 ring of strength
MPRegen 0.11/turn                (no ring)

@: no status effects
A: sickness immunity, AC +5, negative energy resistance 1, electricity
resistance, torment resistance 1, petrification resistance, talons 1, weak 1,
cold vulnerability 1
a: Renounce Religion, Purification, Heal Other, Heal Self


You were on level 6 of the Dungeon.
You worshipped Elyvilon.
Elyvilon was most pleased with you.
You visited 1 branch of the dungeon, and saw 7 of its levels.

You collected 304 gold pieces.

Inventory:

Hand Weapons
 a - a +0 long sword (weapon)
Armour
 c - a +0 buckler
 d - +0 swamp dragon scales (worn)
 i - a +0 cloak (worn)
 n - a +1 ring mail of fire resistance
Jewellery
 b - a ring of wizardry
 f - an amulet of faith (around neck)
 o - a +6 ring of strength (left hand)
Scrolls
 e - 3 scrolls of fog {unknown}
 g - 3 scrolls of teleportation
 h - a scroll of magic mapping {unknown}
 j - a scroll of blinking {unknown}
 k - 3 scrolls of vulnerability {unknown}
 m - 5 scrolls of identify {unknown}
 q - 2 scrolls of noise {unknown}
 r - a scroll of fear {unknown}
 s - 2 scrolls of immolation {unknown}
 t - 2 scrolls of brand weapon {unknown}
 u - 2 scrolls of enchant weapon {unknown}


   Skills:
 * Level 5.9 Fighting
 + Level 6.2 Long Blades
 - Level 5.1 Armour
 - Level 2.1 Dodging
 - Level 1.0 Stealth
 - Level 3.2 Shields


You had 7 spell levels left.
You didn't know any spells.
Your spell library contained the following spells:

 Spells                   Type           Power      Damage    Failure   Level
 Lesser Beckoning         Tloc           0%         N/A       63%         2
 Gell's Gravitas          Tloc           0%         N/A       86%         3
 Summon Guardian Golem    Hex/Summ       0%         N/A       86%         3
 Teleport Other           Tloc           0%         N/A       86%         3
 Orb of Destruction       Conj           0%         9d5       100%        7
 Spellforged Servitor     Conj/Summ      0%         N/A       100%        7


Dungeon Overview and Level Annotations

Branches:
Dungeon (7/15)
 Temple: D:4-7

Altars:
Ashenzari
Elyvilon
Gozag
Uskayaw
Wu Jian
Zin

Shops:
D:5 (

Annotations:
D:6 Edmund


Innate Abilities, Weirdness & Mutations

You are immune to sickness and miasma.
Your stone body is resilient. (AC +5)
You are immune to poison.
You resist negative energy. (rN+)
You are resistant to electric shocks. (rElec)
You are resistant to unholy torment.
You are immune to petrification.
You have sharp toenails.
You are weak. (Str -2)
You are vulnerable to cold. (rC-)


Message History

Edmund is heavily wounded.
Edmund says, "Everyone always remembers my brother. 'Who's Edmund?' they ask!"
Edmund hits you but does no damage.
You hit Edmund. You claw Edmund, but do no damage.
Edmund is severely wounded.
Edmund says, "A flail is better than a scythe, any day of the week!"
Edmund zaps a wand.
The bolt of dispelling energy hits you!
* * * LOW HITPOINT WARNING * * *
You completely miss Edmund. Your kick misses Edmund.
Edmund is severely wounded.
Edmund zaps a wand.
The bolt of dispelling energy misses you.
You hit Edmund but do no damage. You claw Edmund.
Edmund is severely wounded.
Edmund zaps a wand.
The bolt of dispelling energy hits you.
* * * LOW HITPOINT WARNING * * *
Unknown command.
You feel very mighty all of a sudden.
Edmund zaps a wand.
The bolt of dispelling energy misses you.
You hit Edmund.
Edmund is severely wounded.
Edmund zaps a wand.
The bolt of dispelling energy hits you but does no damage.
Your magical effects are unravelling.
You hit Edmund. You claw Edmund.
Edmund is almost dead.
You feel a little less mighty now.
Edmund zaps a wand.
The bolt of dispelling energy misses you.
Edmund zaps a wand.
The bolt of dispelling energy misses you.
You barely miss Edmund.
Edmund is almost dead.
Edmund hits you with a +1 dire flail of holy wrath.
* * * LOW HITPOINT WARNING * * *
You hit Edmund. You claw Edmund, but do no damage.
Edmund is almost dead.
Edmund hits you with a +1 dire flail of holy wrath!
You die...

#.# #.# #.# #.#
#.# #.# #.# #@#
#@# #.# #.# #.#
#.###.....
############.....#
.......)>........#
##################


You could see Edmund.

Vanquished Creatures
  Sigmund (D:4)
  Menkaure (D:5)
  An ice beast (D:7)
  A phantom (D:6)
  A necrophage (D:6)
  2 scorpions
  2 howler monkeys (D:4)
  2 hounds
  An orc priest (D:7)
  3 orc wizards
  8 adders
  2 worms (D:4)
  3 dart slugs
  13 orcs
  8 ball pythons
  4 bats
  2 endoplasms
  6 giant cockroaches
  5 goblins
  6 hobgoblins
  5 kobolds
  2 quokkas (D:3)
  3 frilled lizards
  5 rats
87 creatures vanquished.

Notes
Turn   | Place    | Note
-------+----------+-------------------------------------------
     0 | D:1      | dialectric the Gargoyle Fighter began the quest for the
                  | Orb.
     0 | D:1      | Reached XP level 1. HP: 14/14 MP: 1/1
   236 | D:1      | Reached XP level 2. HP: 18/19 MP: 2/2
   586 | D:2      | Found a faded altar of an unknown god.
   606 | D:2      | Prayed at the altar of an unknown god.
   606 | D:2      | Became a worshipper of Elyvilon the Healer
   606 | D:2      | Reached * piety under Elyvilon
   657 | D:2      | Reached skill level 2 in Long Blades
   657 | D:2      | Reached XP level 3. HP: 22/23 MP: 3/3
  1451 | D:3      | Noticed Sigmund
  1472 | D:4      | Elyvilon protects you from harm!
  1474 | D:4      | Gained mutation: You are weak. (Str -2) [potion of
                  | mutation]
  1474 | D:4      | Gained mutation: You are vulnerable to cold. (rC-) [potion
                  | of mutation]
  1474 | D:4      | Gained mutation: You have sharp toenails. [potion of
                  | mutation]
  1487 | D:4      | Killed Sigmund
  1488 | D:4      | Reached skill level 3 in Long Blades
  1488 | D:4      | Reached skill level 5 in Armour
  1488 | D:4      | Reached XP level 4. HP: 4/29 MP: 4/4
  1488 | D:4      | Reached XP level 5. HP: 5/33 MP: 5/5
  1896 | D:3      | Reached skill level 1 in Dodging
  1896 | D:3      | Reached XP level 6. HP: 32/38 MP: 6/6
  1950 | D:3      | Found an opulent altar of Gozag.
  1950 | D:3      | Found a hide-covered altar of Uskayaw.
  1956 | D:3      | Found a glowing silver altar of Zin.
  1958 | D:3      | Found a broken altar of Ashenzari.
  1960 | D:3      | Found an ornate altar of the Wu Jian Council.
  1979 | D:3      | Reached ** piety under Elyvilon
  2393 | D:4      | Reached skill level 1 in Stealth
  2525 | D:4      | Reached skill level 4 in Long Blades
  3021 | D:4      | Reached XP level 7. HP: 44/44 MP: 7/7
  3118 | D:5      | Entered Level 5 of the Dungeon
  3176 | D:5      | Found Tajyer's Weapon Emporium.
  3176 | D:5      | Noticed Menkaure
  3369 | D:5      | Killed Menkaure
  3370 | D:5      | Reached skill level 5 in Long Blades
  3656 | D:5      | Reached *** piety under Elyvilon
  3729 | D:5      | Reached skill level 5 in Fighting
  4741 | D:6      | Noticed Edmund
  4773 | D:6      | Reached XP level 8. HP: 11/50 MP: 8/8
  4813 | D:7      | Reached skill level 6 in Long Blades
  5119 | D:6      | Slain by Edmund

Illustrated notes

Levels and vault maps discovered:
D:1:      lemuel_arrival_funnel, layout_basic
D:2:      layout_loops_ring, hellmonk_ecumenical_altar_heavens_door
D:3:      layout_basic, chequers_temple_overflow_minitemple, uniq_sigmund
D:4:      minmay_opposing_rooms, layout_loops_ring
D:5:      layout_loops_corners, serial_shops, nicolae_shop_bloodbath_and_beyond,
          nrook_loot_triangle, uniq_menkaure
D:6:      layout_loops_ring, uniq_eustachio, uniq_edmund
D:7:      layout_loops_ring, minmay_temple_entry_antechambers,
          gammafunk_ghost_berserking_beasts, uniq_pikel

Skill      XL: |  1  2  3  4  5  6  7  8 |
---------------+-------------------------+-----
Long Blades    | 2 3 4 5 6 |  6.2
Armour         | 4 5 |  5.1
Fighting       | 4 5 |  5.9
Dodging        | 1 2 |  2.1
Stealth        | 1 |  1.0
Shields        | |  3.2

Action                     |  1- 3 |  4- 6 |  7- 9 || total
---------------------------+-------+-------+-------++-------
  Melee: Long sword        |   144 |   125 |   150 ||   419
         Punch             |     1 |       |     3 ||     4
         Kick              |       |    23 |    58 ||    81
    Use: Potion            |     8 |     3 |     3 ||    14
         Scroll            |       |       |     1 ||     1
 Armour: Scale mail        |    58 |       |       ||    58
         Ring mail         |    22 |       |       ||    22
         Skin              |     8 |       |       ||     8
         Swamp dragon scal |       |    93 |    89 ||   182
  Dodge: Dodged            |    79 |    94 |    91 ||   264

Table legend: (Time is in decaauts)
 A = Elapsed time spent in this place.
 B = Non-inter-level travel time spent in this place.
 C = Inter-level travel time spent in this place.
 D = Time resting spent in this place.
 E = Time spent auto-exploring this place.
 F = Levels seen in this place.
 G = Mean time per level.
                   A        B        C        D        E       F      G
               +--------+--------+--------+--------+--------+-----+--------+
         Total |   5225 |   5067 |    158 |    756 |   3114 |   7 |  746.4 |
       Dungeon |   5225 |   5067 |    158 |    756 |   3114 |   7 |  746.4 |
               +--------+--------+--------+--------+--------+-----+--------+

Top non-repeatable levels by time:
     D:5: 1275 daAuts
     D:4: 1177 daAuts
     D:3: 847 daAuts
     D:2: 764 daAuts
     D:1: 581 daAuts
     D:6: 300 daAuts
     D:7: 279 daAuts
